 Dungeon Crawl Stone Soup version 0.22-a0-542-gce4f928 (webtiles) character file.

375 vierth the Skirmisher (level 6, -1/57 HPs)
             Began as a Minotaur Fighter on June 24, 2018.
             Succumbed to an orc wizard's poison
             ... on level 4 of the Dungeon.
             The game lasted 00:09:05 (2733 turns).

vierth the Skirmisher (Minotaur Fighter)            Turns: 2733, Time: 00:09:06

Health: -1/57      AC: 12    Str: 22    XL:     6   Next: 44%
Magic:  5/5        EV: 15    Int:  5    God:
Gold:   145        SH:  0    Dex: 15    Spells: 5/5 levels left

rFire    . . .     SeeInvis .   l - +1 battleaxe (freeze)
rCold    . . .     Gourm    .   (shield currently unavailable)
rNeg     . . .     Faith    .   b - +4 ring mail
rPois    .         Spirit   .   (helmet restricted)
rElec    .         Reflect  .   m - +0 cloak
rCorr    .         Harm     .   g - +0 pair of gloves
MR       .....                  (no boots)
Stlth    ++........             (no amulet)
HPRegen  0.19/turn              (no ring)
MPRegen  0.09/turn              (no ring)

@: agile, lethally poisoned (-1 -> -40), hasted, very quick
A: retaliatory headbutt, horns 2
a: no special abilities


You were on level 4 of the Dungeon.
You were not hungry.

You visited 1 branch of the dungeon, and saw 4 of its levels.

You collected 145 gold pieces.

Inventory:

Hand Weapons
 a - a +0 war axe
 l - a +1 battleaxe of freezing (weapon)
Armour
 b - a +4 ring mail (worn)
 g - a +0 pair of gloves (worn)
 m - a +0 cloak (worn)
Scrolls
 e - a scroll of blinking {unknown}
 h - a scroll of magic mapping {unknown}
 j - a scroll of remove curse
 k - a scroll of fog {unknown}
 q - a scroll of enchant armour {unknown}
Potions
 c - a potion of cancellation
 d - 2 potions of might
 p - 3 potions of brilliance
 r - a potion of curing {unknown}
Comestibles
 f - 4 rations


   Skills:
 + Level 5.7 Fighting
 + Level 5.2 Axes
 + Level 5.6 Armour
 - Level 0.3 Dodging
   Level 3.9 Shields


You had 5 spell levels left.
You didn't know any spells.
Your spell library was empty.

Dungeon Overview and Level Annotations

Branches:
Dungeon (4/15)
 Temple: D:4-7

Altars:


Innate Abilities, Weirdness & Mutations

You reflexively headbutt those who attack you in melee.
You have a pair of horns on your head.


Message History

You feel very sick.
Things that are here:
a dagger of venom; a robe
Okay, then.
There is a lethal amount of poison in your body!
As you read the scroll labeled WOW VEBOERUO, it crumbles to dust.
It is a scroll of identify.
p - 3 potions of brilliance
* * * LOW HITPOINT WARNING * * *
You feel very sick.
As you read the scroll of identify, it crumbles to dust.
c - a potion of cancellation
* * * LOW HITPOINT WARNING * * *
You feel very sick.
It was a potion of agility.
You feel agile all of a sudden.
* * * LOW HITPOINT WARNING * * *
You feel very sick.
It was a potion of haste.
You feel yourself speed up.
You die...

#...... #........
##........
#.........
#.....:...
##.........
###..........
#..#)).......
#.##(@.......
#.<##........
###..##........
##....##........
##......##.......
#.....#.# .......
#.......###......
#........# ......
##.....#.#


There were no monsters in sight!

Vanquished Creatures
  A centaur (D:3)
  An orc priest (D:3)
  2 orc wizards (D:4)
  2 worker ants
  A hound skeleton (D:4)
  3 gnolls (D:4)
  3 adders
  An ooze (D:3)
  An adder skeleton (D:4)
  A worm (D:3)
  2 dart slugs
  3 leopard geckos (D:4)
  7 orcs
  A ball python (D:2)
  5 giant cockroaches
  6 goblins
  10 hobgoblins
  6 jackals (D:2)
  3 kobolds (D:2)
  3 quokkas (D:2)
  6 bats
  5 frilled lizards
  5 rats
78 creatures vanquished.

Notes
Turn   | Place    | Note
-------+----------+-------------------------------------------
     0 | D:1      | vierth the Minotaur Fighter began the quest for the Orb.
     0 | D:1      | Reached XP level 1. HP: 19/19 MP: 0/0
   425 | D:1      | Reached XP level 2. HP: 27/27 MP: 1/1
   821 | D:2      | Reached XP level 3. HP: 18/33 MP: 2/2
  1108 | D:2      | Found a faded altar of an unknown god.
  1669 | D:3      | Reached XP level 4. HP: 41/41 MP: 3/3
  2127 | D:3      | Reached XP level 5. HP: 45/47 MP: 4/4
  2156 | D:3      | Noticed a centaur
  2161 | D:3      | Killed a centaur
  2161 | D:3      | Reached skill level 5 in Fighting
  2161 | D:3      | Reached skill level 5 in Armour
  2512 | D:4      | Reached XP level 6. HP: 56/56 MP: 5/5
  2718 | D:4      | Reached skill level 5 in Axes
  2732 | D:4      | HP: 2/57 [poisoned by an orc wizard]
  2733 | D:4      | Succumbed to an orc wizard's poison

Vault maps used:
D:1:      roderic_crop_circles_arrival_large
D:2:      chequers_ecumenical_altar_island
D:3:      first_ration
D:4:      minmay_temple_entry_fiery, item_on_display_a

Skill      XL: |  1  2  3  4  5  6 |
---------------+-------------------+-----
Fighting       | 4 5 |  5.7
Armour         | 4 5 |  5.6
Axes           | 3 4 5 |  5.2
Dodging        | |  0.3
Shields        | |  3.9

Action                   |  1- 3 |  4- 6 || total
-------------------------+-------+-------++-------
Melee: War axe           |    42 |       ||    42
       Headbutt          |     7 |    10 ||    17
       Battleaxe         |    48 |    61 ||   109
  Use: Scroll            |       |     3 ||     3
       Potion            |       |     2 ||     2
  Eat: Ration            |     1 |     1 ||     2
Armor: Scale mail        |    37 |    25 ||    62
       Ring mail         |       |    27 ||    27
Dodge: Dodged            |    54 |    40 ||    94
Block: Shield            |    13 |       ||    13

Table legend:
 A = Spawn XP
 B = Non-spawn XP
 C = Spawn XP percentage of total XP
 D = Spawn monster count
 E = Non-spawn monster count
 F = Spawn count percentage of total count
 G = Total turns spent on level
                    A         B        C        D         E        F      G
               +---------+---------+-------+---------+---------+-------+---------
         Total |       0 |     537 |   0.0 |       0 |      78 |   0.0 |  2733
               +---------+---------+-------+---------+---------+-------+---------
           D:1 |       0 |      15 |   0.0 |       0 |       9 |   0.0 |   741
           D:2 |       0 |      66 |   0.0 |       0 |      31 |   0.0 |   846
           D:3 |       0 |     256 |   0.0 |       0 |      22 |   0.0 |   550
           D:4 |       0 |     200 |   0.0 |       0 |      16 |   0.0 |   596
               +---------+---------+-------+---------+---------+-------+---------
